 Dungeon Crawl Stone Soup version 0.18-a0-46-g45ca8e4 (webtiles) character file.

2576 4thArraOfDagon the Slinger (level 9, -10/61 HPs)
             Began as a Halfling Hunter on Nov 6, 2015.
             Was a Priest of Cheibriados.
             Mangled by an orc knight
             ... wielding a +0 battleaxe
              (19 damage)
             ... in a bailey.
             The game lasted 00:19:38 (3241 turns).

4thArraOfDagon the Slinger (Halfling Hunter)        Turns: 3241, Time: 00:19:39

Health: -10/61     AC:  9    Str: 20    XL:     9   Next: 88%
Magic:  8/12       EV: 14    Int: 21    God:    Cheibriados [***...]
Gold:   224        SH:  0    Dex: 23    Spells: 1 memorised, 6 levels left

rFire  . . .     SeeInvis .     a - +1 hunting sling
rCold  + . .     Clarity  .     t - +0 chain mail
rNeg   . . .     SustAt   .     (shield restricted)
rPois  .         Gourm    .     n - +0 helmet
rElec  .         Spirit   .     (no cloak)
rCorr  .         Warding  .     (no gloves)
rMut   .         Stasis   .     (no boots)
MR     .....                    (no amulet)
Stlth  ..........               s - ring of protection from cold
                                (no ring)

@: very slow, not resistant to hostile enchantments, extremely unstealthy
A: mutation resistance 1
a: Bend Time, Temporal Distortion, Renounce Religion


You were in a bailey.
You worshipped Cheibriados.
Cheibriados was most pleased with you.
You were not hungry.

You visited 2 branches of the dungeon, and saw 10 of its levels.
You also visited: Sewer and Bailey.

You collected 224 gold pieces.

Inventory:

Hand Weapons
 a - a +1 hunting sling (weapon)
 c - a +0 short sword
 g - a +2 whip of venom
 m - a +3 dagger
Missiles
 h - 94 stones (quivered)
Armour
 n - a +0 helmet (worn)
 p - a +2 shield
 t - a +0 chain mail (worn)
Jewellery
 s - a ring of protection from cold (right hand)
Wands
 d - a wand of random effects (13)
 B - a wand of frost (16)
Scrolls
 f - 2 scrolls of amnesia
 o - a scroll of noise
Potions
 j - a potion of degeneration {unknown}
 k - a potion of brilliance
 q - a potion of invisibility {unknown}
 u - a potion of haste {unknown}
 v - a potion of cancellation
 w - 2 potions of magic {unknown}
 x - a potion of resistance {unknown}
Books
 l - a book of Air

   Spells                             Type                      Level
   a - Shock                          Conjuration/Air              1
   b - Swiftness                      Charms/Air                   2
   c - Repel Missiles                 Charms/Air                   2
   d - Static Discharge               Conjuration/Air              3
   e - Lightning Bolt                 Conjuration/Air              5
Comestibles
 e - 4 bread rations
 i - a meat ration


   Skills:
 + Level 5.1 Fighting
 * Level 13.8 Slings
 + Level 5.5 Dodging
 - Level 1.1 Stealth
 + Level 5.1 Invocations


You had 6 spell levels left.
You knew the following spells:

 Your Spells              Type           Power        Failure   Level  Hunger
a - Repel Missiles        Chrm/Air       #.....       100%        2    ###....


Dungeon Overview and Level Annotations

Branches:
Dungeon (9/15)             Temple (1/1) D:6            Lair (0/8) D:9
    Orc: D:9-12

Altars:
Cheibriados
Fedhas
Gozag
Makhleb
Qazlal
Ru
Vehumet
Yredelemnul
The Shining One


Innate Abilities, Weirdness & Mutations

You are small and have problems with some larger weapons.
You are somewhat resistant to further mutation.


Message History

Evoke which item? (* to show all) (? for menu, Esc to quit)
Zapping:
d - a wand of random effects {zapped: 9} (will waste charges)
Press: ? - help, Shift-Dir - straight line, f/p - orc knight
Aim: an orc knight, wielding a battleaxe and wearing a plate armour (severely wounded)
You hear a mighty clap of thunder!
The bolt of lightning hits the orc knight.
The orc knight is almost dead.
Evoking this partially-identified wand wasted a few charges.
You hear a shout! x3
The orc knight hits you with a battleaxe!
* * * LOW HITPOINT WARNING * * *
Evoke which item? (* to show all) (? for menu, Esc to quit)
Zapping:
B - a wand of frost {zapped: 5} (will waste charges)
Press: ? - help, Shift-Dir - straight line, f/p - orc knight
Aim: an orc knight, wielding a battleaxe and wearing a plate armour (almost dead)
The puff of frost hits the orc knight.
The orc knight is almost dead.
Evoking this partially-identified wand wasted a few charges.
The orc knight hits you with a battleaxe!!
You die...

......#.....'.)..(.♣
.∩....#.....'.).†(∩♣
.....o#.....'(..().♣
...8.8##....#.....♣♣
.....!≈#....##....♣
.....|≈#.....##...♣
≈≈#≈≈≈##.(....##≈≈♣
..#########........#≈≈♣
.((((()(o@...8..8..#≈≈♣
.!#≈≈≈≈≈#..........#≈≈♣
#≈≈≈≈≈#.........##≈≈♣
#≈≈≈≈≈##...8...## ≈≈♣
#....KK.##.....##
#........ ##...##
♣♣♣.....♣ ##### ♣♣♣∩♣♣♣


You could see an orc knight.

Vanquished Creatures
  A two-headed ogre (D:9)
  A deep elf mage (D:9)
  Grum (D:9)
  3 wolves (D:9)
  2 ogres
  A necrophage (D:7)
  A centaur (D:8)
  3 giant frogs
  9 big kobolds
  A scorpion (D:6)
  A giant frog zombie (D:7)
  A jelly (D:6)
  An orc priest (D:6)
  2 hounds
  3 worker ants
  2 iguanas
  3 orc wizards
  A hound zombie (D:5)
  2 hound skeletons
  2 river rats (Sewer)
  3 adders
  3 oozes (Sewer)
  2 adder zombies
  3 worms
  3 giant geckos
  15 orcs
  7 ball pythons
  5 giant cockroaches
  8 goblins
  9 hobgoblins
  2 jackals (D:6)
  30 kobolds
  2 quokkas (D:6)
  5 bats (D:1)
  A giant newt (D:1)
  10 rats
149 creatures vanquished.

Notes
Turn   | Place    | Note
--------------------------------------------------------------
     0 | D:1      | 4thArraOfDagon the Halfling Hunter began the quest for the Orb.
     0 | D:1      | Reached XP level 1. HP: 14/14 MP: 1/1
    34 | D:1      | Reached skill level 6 in Slings
    79 | D:1      | Reached XP level 2. HP: 19/19 MP: 2/2
   178 | D:2      | Found a basalt altar of Yredelemnul.
   220 | D:2      | Found a blossoming altar of Fedhas.
   294 | D:2      | Found an opulent altar of Gozag.
   316 | D:2      | Found a burning altar of Makhleb.
   367 | D:1      | Reached XP level 3. HP: 20/24 MP: 3/3
   585 | D:2      | Found a stormy altar of Qazlal.
   605 | D:2      | Reached skill level 7 in Slings
   812 | D:4      | Reached XP level 4. HP: 30/30 MP: 4/4
   873 | D:4      | Learned a level 2 spell: Repel Missiles
   972 | D:5      | Entered Level 5 of the Dungeon
   987 | D:4      | Noticed an ogre
  1015 | D:5      | Reached skill level 8 in Slings
  1015 | D:5      | Reached XP level 5. HP: 23/35 MP: 5/5
  1167 | D:6      | Found a staircase to the Ecumenical Temple.
  1257 | Temple   | Entered the Ecumenical Temple
  1261 | Temple   | Became a worshipper of Cheibriados the Contemplative
  1313 | D:6      | Reached skill level 9 in Slings
  1361 | D:6      | Reached XP level 6. HP: 10/41 MP: 6/6
  1385 | D:6      | Found a glowing drain.
  1436 | D:6      | fuck
  1438 | D:6      | Reached skill level 10 in Slings
  1448 | Sewer    | Entered a sewer
  1452 | Sewer    | bad layout
  1452 | Sewer    | no items
  1452 | Sewer    | no exp
  1534 | Sewer    | Reached XP level 7. HP: 24/45 MP: 7/7
  1579 | Sewer    | Reached * piety under Cheibriados
  1677 | Sewer    | Reached skill level 11 in Slings
  1868 | Sewer    | Reached skill level 12 in Slings
  1985 | Sewer    | Reached skill level 1 in Invocations
  2035 | Sewer    | Reached XP level 8. HP: 17/51 MP: 8/8
  2073 | Sewer    | christ
  2137 | D:6      | Reached ** piety under Cheibriados
  2618 | D:7      | Reached *** piety under Cheibriados
  2677 | D:7      | Noticed a kobold demonologist
  2677 | D:7      | Noticed a kobold demonologist
  2680 | D:7      | Noticed a kobold demonologist
  2705 | D:8      | Reached XP level 9. HP: 32/58 MP: 11/11
  2806 | D:9      | Reached skill level 13 in Slings
  2806 | D:9      | Reached skill level 5 in Dodging
  3043 | D:9      | Noticed Grum
  3048 | D:9      | Reached skill level 5 in Fighting
  3048 | D:9      | Reached skill level 5 in Invocations
  3054 | D:9      | Killed Grum
  3065 | D:9      | Found a flagged portal.
  3104 | Bailey   | Entered a bailey
  3110 | Bailey   | Noticed an orc warlord
  3143 | Bailey   | Reached **** piety under Cheibriados
  3215 | Bailey   | Noticed an orc knight
  3237 | Bailey   | HP: 2/61 [orc knight/battleaxe (27)]
  3241 | Bailey   | Mangled by an orc knight

Vault maps used:
D:1:      dpeg_arrival_shrine
D:2:      nicolae_overflow_hidden_temple, nicolae_overflow_quartered_altars,
          minmay_surrounded
D:3:      minmay_misc_feat_tower
D:4:      grunt_temple_overflow_open
D:5:      first_bread
D:6:      minmay_temple_entry_glass, portal_sewer_entry_a, vehumet_altar_wand_db
D:8:      uniq_erolcha
D:9:      erik_lair_dragon, enter_bailey_2, uniq_pikel, uniq_grum, uniq_maurice
Temple:   zaba_magenta_temple_12
Sewer:    sewer_co_tree
Bailey:   bailey_axe_bossmonster_kennysheep, bailey

Action                   |  1- 3 |  4- 6 |  7- 9 || total
-------------------------+-------+-------+-------++-------
Melee: Short sword       |       |     3 |       ||     3
       Dagger            |       |    26 |   292 ||   318
       Whip              |       |       |    11 ||    11
 Fire: Hunting sling     |    83 |   106 |   246 ||   435
Invok: Slouch            |       |       |     1 ||     1
Evoke: Wand              |       |       |    18 ||    18
  Use: Scroll            |       |     5 |     7 ||    12
       Potion            |       |     1 |     2 ||     3
 Stab: Paralysed         |       |       |     2 ||     2
  Eat: Beef jerky        |       |     1 |       ||     1
       Chunk             |       |       |     3 ||     3
       Pizza             |       |       |     1 ||     1
